cohdb
Replays
Latest Replays
All Replays
Popular Replays
Top Player Replays
Match Explorer
How It Works
Community
CoH3 Stats
Reddit
Sign in to upload your games and track your stats! →
Sign in with Steam
Match 43183190
Unlisted
Match 43183190
Overview
Messages
Build Orders
End
Panzergrenadier Squad
Selects Italian Combined Arms Battlegroup
Selects Bersaglieri Squad
Bersaglieri Squad
Bersaglieri Squad
Construct Light Support Kompanie
2.5-tonne Medical Truck
Fire Support Elements
Selects Bersaglieri Bolster
MG34 Team
Construct Panzerarmee Kommand
Selects Breda Model 30 Light Machine Guns
Bersaglieri Squad
Armored Reserves
Panzer IV Assault Group
Selects Semovente da 75/18 Assault Gun
Panzer III L Medium Tank
Panzerpioneer Squad
Panzer IV Assault Group
Panzerpioneer Squad
Panzer III L Medium Tank
ChaosRising10
matrix4x4
Faizii
怀恋过去
Vivian
Sebulous
linms82
npy
0
0
Comments
sign in to comment!
No comments posted yet!